 Dungeon Crawl Stone Soup version 0.16-a0-3940-gf8a207b (console) character file.

19842 Monkaria the Severer (level 12, -2/101 HPs)
             Began as a Hill Orc Fighter on Feb 7, 2015.
             Was the Champion of Makhleb.
             Slain by a skeletal warrior
             ... wielding a +0 dire flail
              (13 damage)
             ... on level 12 of the Dungeon.
             The game lasted 00:46:32 (15901 turns).

Monkaria the Severer (Hill Orc Fighter)            Turns: 15901, Time: 00:46:33

Health: -2/101     AC: 18    Str: 28    XL:     12   Next: 73%
Magic:  29/29      EV:  8    Int:  8    God:    Makhleb [******]
Gold:   457        SH:  0    Dex: 10    Spells: 0 memorised, 11 levels left

rFire  + . .     SeeInvis .     B - +0 battleaxe (venom)
rCold  . . .     Clarity  .     b - +0 plate armour
rNeg   . . .     SustAb   .     (no shield)
rPois  .         Gourm    .     M - +0 helmet
rElec  .         Spirit   .     R - +0 cloak
rCorr  +         Warding  .     o - +0 pair of gloves
rMut   .         Rnd*Tele +     (no boots)
MR     .....                    O - amulet of resist corrosion
Stlth  ..........               D - +4 ring of strength
                                T - ring of protection from fire

@: not resistant to hostile enchantments, extremely unstealthy
A: talons 2, blink 1, deterioration 1, spit poison 1, teleportitis 1, wild magic
1
a: Spit Poison, Blink, Minor Destruction, Lesser Servant of Makhleb, Major
Destruction, Greater Servant of Makhleb, Renounce Religion


You were on level 12 of the Dungeon.
You worshipped Makhleb.
Makhleb was exalted by your worship.
You were not hungry.

You visited 3 branches of the dungeon, and saw 15 of its levels.
You also visited: Sewer.

You collected 633 gold pieces.
You spent 176 gold pieces at shops.

Inventory:

Hand weapons
 m - the +8 spear "Newt's Death Toll" {pierce, Contam rElec MR+, unknown}
   (You took it off a wight on level 12 of the Dungeon)

   It inflicts extra damage upon your enemies.
   It insulates you from electricity.
   It affects your resistance to hostile enchantments.
   It causes magical contamination when unequipped.
 p - the +9 scythe of Monkaria's Death {freeze, Noisy +Rage Str+2}
   (You found it on level 7 of the Dungeon)

   It has been specially enchanted to freeze those struck by it, causing extra
   injury to most foes and up to half again as much damage against particularly
   susceptible opponents.
   It can also slow down cold-blooded creatures.
   It affects your strength (+2).
   It lets you go berserk.
   It may make noises in combat.
 B - a +0 battleaxe of venom (weapon)
 C - a +2 long sword of holy wrath
 E - the +3 long sword of Anger {venom, MP+9 Int+2}
   (You found it on level 6 of the Dungeon)

   It poisons the flesh of those it strikes.
   It affects your intelligence (+2).
   It affects your magic capacity (+9).
 Z - a +0 blowgun
Missiles
 g - 6 needles of sleeping
 k - 5 needles of slowing
 s - 93 poisoned needles
 N - 6 curare-tipped needles
Armour
 b - a +0 plate armour (worn)
 c - a +0 shield
 o - a +0 pair of gloves (worn)
 L - the -4 ring mail "Gupiome" {+Fly MR- rCorr Dex+3}
   (You found it on level 7 of the Dungeon)

   It affects your dexterity (+3).
   It affects your resistance to hostile enchantments.
   It lets you fly.
   It protects you from acid and corrosion.
 M - a +0 helmet (worn)
 R - a +0 cloak (worn)
Jewellery
 n - an uncursed ring of stealth
 y - an uncursed ring of magical power
 D - a +4 ring of strength (right hand)
 O - an amulet of resist corrosion (around neck)
 T - a ring of protection from fire (left hand)
 Y - an uncursed ring of see invisible
Magical devices
 h - a wand of fire (4)
 K - a wand of magic darts (30)
 S - a wand of fire (10)
 W - a wand of digging (13)
Scrolls
 f - a scroll of noise
 i - 3 scrolls of teleportation
 j - a scroll of remove curse
 q - 3 scrolls of amnesia {unknown}
 z - 2 scrolls of enchant armour
 A - a scroll of immolation
 I - 4 scrolls of enchant weapon {unknown}
 J - a scroll of recharging
 U - a scroll of vulnerability
 X - a scroll of fear
Potions
 a - a potion of invisibility
 e - 4 potions of might
 t - 5 potions of agility
 u - 4 potions of restore abilities
 v - 3 potions of brilliance
 w - a potion of flight
 x - 3 potions of magic
 P - a potion of resistance
Books
 r - a book of Hinderance

   Spells                             Type                      Level
   a - Confusing Touch                Hexes                        2
   b - Confuse                        Hexes                        3
   c - Petrify                        Transmutation/Earth          4
   d - Metabolic Englaciation         Hexes/Ice                    5
   e - Summon Mana Viper              Hexes/Summoning              5
   f - Gell's Gravitas                Hexes/Translocation          6
 V - the Papyrus of Lethal Displacement
   (You found it on level 9 of the Dungeon)

   Spells                             Type                      Level
   a - Apportation                    Translocation                1
   b - Blink                          Translocation                2
   c - Force Lance                    Conjuration/Translocation    4
   d - Warp Weapon                    Charms/Translocation         5
   e - Bolt of Magma                  Conjuration/Fire/Earth       5
Miscellaneous
 Q - a plain deck of defence {drawn: 3}
Comestibles
 d - 9 meat rations
 l - 8 bread rations
 F - 5 fruits
 G - 4 beef jerkies
 H - 8 slices of pizza


   Skills:
 - Level 8.0 Fighting
 - Level 17.0 Axes
 + Level 10.1 Armour
 - Level 3.2 Shields
 - Level 14.1 Invocations


You had 11 spell levels left.
You didn't know any spells.

Dungeon Overview and Level Annotations

Branches:
Dungeon (13/15) Temple (1/1) D:4 Lair (1/8) D:9 Orc (0/4) D:9 Vaults (0/5) D:12 D:13

Altars:
Ashenzari
Cheibriados
Dithmenos
Elyvilon
Fedhas
Gozag
Kikubaaqudgha
Makhleb
Nemelex Xobeh
Okawaru
Qazlal
Ru
Sif Muna
Trog
Vehumet
Xom
Yredelemnul
Zin
The Shining One

Shops:
D:5 !

Portals:
Trove: D:10 (give +5 demon trident)


Innate Abilities, Weirdness & Mutations

You have razor-sharp toenails.
You can translocate small distances at will.
Your body is slowly deteriorating.
You can spit poison.
Space occasionally distorts in your vicinity.
Your spells are a little harder to cast, but a little more powerful.


Message History

Unknown command.
Press: ? - help, v - describe, . - travel
Here: a human (moderately wounded, poisoned)
The floor, spattered with blood.
Unknown command.
Unknown command.
Unknown command.
You closely miss the human. You claw the human.
The human is almost dead.
You slash the human!
The human is almost dead.
You slash the skeletal warrior!
The skeletal warrior is severely damaged.
You barely miss the human.
The human is moderately wounded.
You hit the human.
The human looks even sicker.
The human is moderately wounded.
The human hits you but does no damage. The human barely misses you.
The skeletal warrior hits you with a dire flail!
You die...

.......###.......................
##..####..[......................
...).....................##......
##.....)..[......................
.......................^.........
##...#.#................#†.#.....
...#............^........(......#
..###....#.....p[p............###
....##.........z@p#............##
.##....#......(†##.#..#................##.#
.......#.....................##..
...(..........##.............###.
..................#.......##..##.
.........#....#......##...##..###
<...............###.#...#......##
......)......#............##..###


You could see a skeletal warrior and 4 humans.

Vanquished Creatures
  Harold (D:11)
  3 hill giants (D:11)
  Pikel (D:7)
  An orc knight (D:12)
  The ghost of Elizilla the Blocker, an experienced FoFi (D:6)
  2 ugly things
  A cyclops (D:12)
  Psyche (D:11)
  A gargoyle (D:10)
  A komodo dragon (Lair:1)
  2 trolls
  The ghost of Elizilla the Shield-Bearer, an average FoFi (D:4)
  Prince Ribbit (D:5)
  A trapdoor spider zombie (D:11)
  A two-headed ogre (D:11)
  2 deep elf magi (D:12)
  2 wyverns
  A deep elf fighter (D:9)
  A hill giant zombie (D:9)
  A hog (D:7)
  5 hippogriffs
  9 humans
  3 wraiths
  A hungry ghost (D:12)
  15 yaks
  A warg (Lair:1)
  10 wolves
  2 orc warriors
  4 sky beasts
  4 phantoms
  A necrophage (D:7)
  A black bear (D:12)
  5 ogres
  10 centaurs
  2 wasps (D:12)
  6 big kobolds
  2 crocodiles (D:9)
  7 giant frogs
  2 gnoll sergeants
  4 scorpions
  2 troll zombies (D:9)
  10 wights
  A water moccasin skeleton (D:7)
  2 quasits
  5 crimson imps
  A giant frog zombie (D:11)
  A centaur zombie (D:7)
  2 giant frog skeletons
  A gnoll shaman (D:6)
  5 jellies
  A centaur skeleton (D:6)
  9 hounds
  4 orc priests
  4 iguanas
  5 orc wizards
  6 worker ants
  2 killer bee zombies (D:11)
  5 ogre zombies (D:9)
  A sheep (D:7)
  3 hound skeletons
  A hound zombie (D:7)
  22 adders
  17 gnolls
  4 giant mites
  10 river rats
  2 worms
  6 shadow imps
  An adder skeleton (D:4)
  5 giant geckos
  21 orcs
  26 bats
  A bat zombie (D:8)
  8 giant cockroaches
  13 hobgoblins
  7 jackals
  5 quokkas
  9 ball pythons
  10 giant newts
  12 goblins
  3 goblin skeletons (D:9)
  3 goblin zombies (D:9)
  3 hobgoblin zombies (D:9)
  A jackal skeleton (D:6)
  46 kobolds
  2 kobold skeletons
  4 orc skeletons (D:9)
  12 orc zombies (D:9)
  2 quokka zombies
  40 rats
486 creatures vanquished.

Vanquished Creatures (others)
  An orc (D:8)
1 creature vanquished.

Grand Total: 487 creatures vanquished

Notes
Turn   | Place    | Note
--------------------------------------------------------------
     0 | D:1      | Monkaria, the Hill Orc Fighter, began the quest for the Orb.
     0 | D:1      | Reached XP level 1. HP: 19/19 MP: 1/1
   147 | D:1      | Reached XP level 2. HP: 25/27 MP: 2/2
   358 | D:1      | Reached skill level 4 in Axes
   563 | D:1      | Reached XP level 3. HP: 33/33 MP: 3/3
   972 | D:2      | Reached skill level 5 in Axes
  1123 | D:2      | Reached XP level 4. HP: 25/40 MP: 4/4
  1525 | D:3      | Found a glowing drain.
  1536 | Sewer    | Entered a sewer
  1624 | Sewer    | Reached skill level 6 in Axes
  1836 | Sewer    | Reached XP level 5. HP: 46/46 MP: 5/5
  2238 | Sewer    | Reached skill level 7 in Axes
  2270 | Sewer    | Noticed a big kobold
  2296 | Sewer    | Killed a big kobold
  2296 | Sewer    | Reached skill level 8 in Axes
  2296 | Sewer    | Reached XP level 6. HP: 39/52 MP: 6/6
  2455 | Sewer    | Gained mutation: Your spells are a little harder to cast, but a little more powerful. [potion of mutation]
  2455 | Sewer    | Gained mutation: You have sharp toenails. [potion of mutation]
  2455 | Sewer    | Gained mutation: You have razor-sharp toenails. [potion of mutation]
  2458 | Sewer    | Gained mutation: You can spit poison. [potion of beneficial mutation]
  2752 | D:4      | Found a staircase to the Ecumenical Temple.
  2839 | Temple   | Entered the Ecumenical Temple
  2955 | Temple   | Became a worshipper of Makhleb the Destroyer
  3239 | D:4      | Reached skill level 9 in Axes
  3413 | D:4      | Found a basalt altar of Yredelemnul.
  3413 | D:4      | Found a radiant altar of Vehumet.
  3471 | D:4      | Noticed Elizilla's ghost (average FoFi)
  3478 | D:5      | Entered Level 5 of the Dungeon
  3598 | D:5      | Reached XP level 7. HP: 43/59 MP: 7/7
  3713 | D:5      | Reached skill level 10 in Axes
  4080 | D:5      | Acquired Makhleb's first power
  4244 | D:5      | Found Mnegus' Distillery.
  4249 | D:5      | Bought a potion of haste for 110 gold pieces
  4249 | D:5      | Bought a potion of curing for 33 gold pieces
  4249 | D:5      | Bought a potion of lignification for 33 gold pieces
  4299 | D:5      | Reached skill level 11 in Axes
  4322 | D:5      | Reached XP level 8. HP: 66/66 MP: 8/8
  4339 | D:5      | Noticed Prince Ribbit
  4372 | D:5      | Killed Prince Ribbit
  4372 | D:5      | Reached skill level 12 in Axes
  4740 | D:5      | HP: 3/66 [gnoll/flail (5)]
  4975 | D:6      | Got a smoking long sword
  4982 | D:6      | Identified the +3 long sword of Anger {venom, MP+9 Int+2} (You found it on level 6 of the Dungeon)
  5018 | D:6      | Reached skill level 13 in Axes
  5453 | D:6      | Noticed Elizilla's ghost (experienced FoFi)
  5473 | D:6      | Acquired Makhleb's second power
  5564 | D:6      | Reached skill level 5 in Armour
  5564 | D:6      | Reached XP level 9. HP: 66/71 MP: 9/9
  5899 | D:6      | Killed Elizilla's ghost
  6094 | D:6      | Acquired Makhleb's third power
  6298 | D:4      | Killed Elizilla's ghost
  6298 | D:4      | Reached skill level 5 in Fighting
  6662 | D:7      | Got a scorched ring mail
  6673 | D:7      | Identified the cursed -4 ring mail "Gupiome" {+Fly MR- rCorr Dex+3} (You found it on level 7 of the Dungeon)
  6767 | D:7      | Reached skill level 1 in Invocations
  6860 | D:7      | Reached skill level 5 in Invocations
  6860 | D:7      | Reached XP level 10. HP: 52/83 MP: 15/18
  6868 | D:7      | Got a crude scythe
  6874 | D:7      | Identified the +9 scythe of Monkaria's Death {freeze, Noisy +Rage Str+2} (You found it on level 7 of the Dungeon)
  7806 | D:8      | Acquired Makhleb's fourth power
  7877 | D:8      | Noticed Pikel
  7944 | D:7      | Killed Pikel
  8521 | D:8      | Reached skill level 10 in Invocations
  8525 | D:8      | Gained mutation: You can translocate small distances at will. [mutagenic meat]
  8526 | D:8      | Gained mutation: You are good at translocating small distances at will. [mutagenic meat]
  9050 | D:9      | Found a staircase to the Orcish Mines.
  9103 | D:9      | HP: 4/83 [ogre zombie (9)]
  9402 | D:9      | Acquired Makhleb's fifth power
  9864 | D:9      | Identified the Papyrus of Lethal Displacement
  9935 | D:9      | Reached XP level 11. HP: 89/89 MP: 27/27
 10037 | D:9      | Found a staircase to the Lair.
 10161 | D:9      | Found a shattered altar of Ashenzari.
 10353 | Lair:1   | Entered Level 1 of the Lair of Beasts
 10406 | Lair:1   | Reached skill level 14 in Invocations
 11545 | D:10     | Entered Level 10 of the Dungeon
 11585 | D:9      | HP: 2/89 [wyvern (12)]
 12426 | D:9      | Lost mutation: You are good at translocating small distances at will. [mutagenic meat]
 12501 | D:10     | Found a portal to a secret trove of treasure.
 12525 | D:10     | Noticed a hill giant
 12890 | D:10     | Found an iron altar of Okawaru.
 12983 | D:11     | Found a glowing silver altar of Zin.
 13345 | D:11     | Noticed Harold
 13374 | D:11     | Killed Harold
 13743 | D:11     | Noticed a hill giant
 13754 | D:11     | Killed a hill giant
 13760 | D:11     | Noticed Psyche
 13774 | D:11     | Killed Psyche
 13774 | D:11     | Reached skill level 15 in Axes
 13961 | D:11     | HP: 4/94 [hill giant/giant spiked club (26)]
 13964 | D:11     | Killed a hill giant
 13964 | D:11     | Reached XP level 12. HP: 34/101 MP: 29/29
 14001 | D:11     | HP: 5/101 [yak (1)]
 14343 | D:11     | Reached skill level 16 in Axes
 14498 | D:11     | Noticed a hill giant
 14508 | D:11     | Killed a hill giant
 14601 | D:11     | Gained mutation: Your body is slowly deteriorating. [mutagenic meat]
 14853 | D:12     | Gained mutation: Space occasionally distorts in your vicinity. [mutagenic meat]
 14890 | D:12     | HP: 4/101 [wight/bloodstained spear (2)]
 15287 | D:12     | Got a bloodstained spear
 15296 | D:12     | Reached skill level 17 in Axes
 15808 | D:13     | Found a gate to the Vaults.
 15898 | D:12     | Reached skill level 10 in Armour
 15901 | D:12     | Slain by a skeletal warrior

Action                   |  1- 3 |  4- 6 |  7- 9 | 10-12 || total
-------------------------+-------+-------+-------+-------++-------
Melee: War axe           |   110 |   222 |   394 |   709 ||  1435
       Battleaxe         |       |       |       |   250 ||   250
 Fire: Blowgun           |       |       |     3 |     9 ||    12
 Abil: Spit Poison       |       |       |     1 |     2 ||     3
       Blink             |       |       |       |     8 ||     8
Evoke: Wand              |       |       |     5 |       ||     5
       Deck              |       |       |       |     3 ||     3
  Use: Scroll            |       |     4 |     7 |    12 ||    23
       Potion            |       |     8 |     8 |    13 ||    29
 Stab: Invisible         |       |       |       |     1 ||     1
  Eat: Chunk             |     1 |     8 |    11 |    39 ||    59
       Beef jerky        |       |       |       |     1 ||     1
